 Seeded DCSS version 0.27-a0-366-g8badd94918 (webtiles) character file.

Game seed: 19782016 (custom seed)

1 Snicker the Sneak (level 1, 0/18 HPs)
             Began as a Demonspawn Delver on Feb 16, 2021.
             Slain by a phantom (5 damage)
             ... on level 5 of the Dungeon.
             The game lasted 00:00:21 (74 turns).

Snicker the Sneak (Demonspawn Delver)                 Turns: 74, Time: 00:00:21

Health: 0/18       AC:  3    Str: 12    XL:     1   Next: 16%
Magic:  1/1        EV: 12    Int: 11    God:
Gold:   12         SH:  0    Dex: 14    Spells: 0/0 levels left

rFire    . . .     SeeInvis .   a - +8 whip "Eziseire" {flame, rElec}
rCold    . . .     Faith    .   (no shield)
rNeg     . . .     Spirit   .   b - +0 leather armour
rPois    .         Reflect  .   (no helmet)
rElec    +         Harm     .   (no cloak)
rCorr    .         Rampage  .   (no gloves)
Will     .....                  (no boots)
Stlth    ++........             (no amulet)
HPRegen  0.06/turn              (no ring)
MPRegen  0.07/turn              (no ring)

@: no status effects
A: no striking features
a: no special abilities


You were on level 5 of the Dungeon.
You visited 1 branch of the dungeon, and saw 1 of its levels.

You collected 12 gold pieces.

Inventory:

Hand Weapons
 a - the +8 whip "Eziseire" (weapon) {flame, rElec}
   (You found it on level 5 of the Dungeon)

   It has been specially enchanted to burn those struck by it, causing extra
   injury to most foes and up to half again as much damage against particularly
   susceptible opponents.
   It insulates you from electricity.
 h - a +0 mace
Armour
 b - a +0 leather armour (worn)
Jewellery
 k - an amulet of regeneration {unknown}
Wands
 g - a wand of digging (3)
Scrolls
 c - a scroll of fog
 d - a scroll of magic mapping
 e - a scroll of fear
 j - a scroll of enchant armour {unknown}
Potions
 f - 2 potions of haste
 i - a potion of ambrosia {unknown}


   Skills:
 + Level 3.0 Fighting
 * Level 1.8 Maces & Flails
 + Level 1.7 Dodging
 + Level 4.5 Stealth


You couldn't memorise any spells.
You didn't know any spells.
Your spell library was empty.

Dungeon Overview and Level Annotations

Branches:
Dungeon (5/15)
 Temple: D:4-7

Altars:
Ashenzari


Message History

You now have 12 gold pieces.
f - 2 potions of haste (gained 1)
i - a smoky ruby potion You open the door.
There is an open door here.
You open the door.
A quokka comes into view.
Found a scroll labelled XUOTRY QOXOLL.
Found a broken altar of Ashenzari.
There is an open door here.
The quokka barely misses you.
You hit the quokka. You burn the quokka.
You kill the quokka!
j - a scroll labelled XUOTRY QOXOLL
There are no items here.
A sky beast comes into view.
Found 17 sling bullets.
An orc comes into view. It is wielding a +0 trident.
Found a large amethyst amulet.
Found 7 gold pieces.
An orc and an ogre come into view.
The orc hits you with a +0 trident.
You closely miss the orc.
The ogre shouts!
The orc shouts!
The orc closely misses you.
The orc hits you from afar with a +0 trident.
The orc hits you from afar with a +0 trident!
* * * LOW HITPOINT WARNING * * *
You see here a large amethyst amulet.
k - a large amethyst amulet The orc completely misses you.
Unknown command.
Unknown command.
You see here a rapier.
A phantom comes into view.
Found a stone staircase leading up.
A ball python comes into view.
The ball python hisses angrily.
A scorpion comes into view.
The phantom hits you.
You die...

#..................
###..................
.................... #
##.#..........!.......
#.#..##.................
.....###..oo............
...........)...#.....$..
........O####..#.#######
.......@.# ....#.#
......W..#..##...#
...........# #..##
s..S......## #..#
........... #...
.........##. #.#.#
.###.##### #. #. .#


You could see a phantom, an ogre, a scorpion, 2 orcs and a ball python.

Vanquished Creatures
  A quokka (D:5)
1 creature vanquished.

Notes
Turn   | Place    | Note
-------+----------+-------------------------------------------
     0 | D:5      | Snicker the Demonspawn Delver began the quest for the Orb.
     0 | D:5      | Reached XP level 1. HP: 18/18 MP: 1/1
     5 | D:5      | Got a shimmering whip
     6 | D:5      | Identified the +8 whip "Eziseire" {flame, rElec} (You found
                  | it on level 5 of the Dungeon)
    33 | D:5      | Found a broken altar of Ashenzari.
    50 | D:5      | Noticed a sky beast
    54 | D:5      | Noticed an ogre
    71 | D:5      | Noticed a phantom
    74 | D:5      | Noticed a scorpion
    74 | D:5      | Slain by a phantom

Illustrated notes

Levels and vault maps discovered:
D:5:      layout_rooms, gammafunk_ghost_abyssal_escape, evilmike_ruin_ashenzari

Action                   || total
-------------------------++-------
Melee: Whip              ||     2
Dodge: Dodged            ||     3

Table legend: (Time is in decaauts)
 A = Elapsed time spent in this place.
 B = Non-inter-level travel time spent in this place.
 C = Inter-level travel time spent in this place.
 D = Time resting spent in this place.
 E = Time spent auto-exploring this place.
 F = Levels seen in this place.
 G = Mean time per level.
                   A        B        C        D        E       F      G
               +--------+--------+--------+--------+--------+-----+--------+
         Total |     73 |     73 |      0 |      0 |      0 |   1 |   73.0 |
       Dungeon |     73 |     73 |      0 |      0 |      0 |   1 |   73.0 |
               +--------+--------+--------+--------+--------+-----+--------+

Top non-repeatable levels by time:
     D:5: 73 daAuts
